 Dungeon Crawl Stone Soup version 0.21-a0-229-g3587535 (webtiles) character file.

21 Blomdor the Chopper (level 2, -3/23 HPs)
             Began as a Barachi Warper on Sept 1, 2017.
             Slain by an adder (5 damage)
             ... on level 2 of the Dungeon.
             The game lasted 00:01:11 (934 turns).

Blomdor the Chopper (Barachi Warper)                 Turns: 934, Time: 00:01:12

Health: -3/23      AC:  4    Str: 12    XL:     2   Next: 87%
Magic:  5/5        EV: 17    Int: 13    God:
Gold:   9          SH:  0    Dex: 16    Spells: 5/5 levels left

rFire    . . .     SeeInvis .   a - +0 hand axe
rCold    . . .     Gourm    +   (no shield)
rNeg     . . .     Faith    .   b - +0 leather armour
rPois    .         Spirit   .   (no helmet)
rElec    .         Reflect  .   j - +0 cloak {+Inv}
rCorr    .         Harm     .   (no gloves)
MR       .....                  (no boots)
Stlth    ++........             i - amulet of the gourmand
HPRegen  0.07/turn              (no ring)
MPRegen  0.09/turn              (no ring)

@: agile, lethally poisoned (-3 -> -17), slow
A: +LOS, swims, slowness 1, strong legs 1
a: Hop, Evoke Invisibility


You were on level 2 of the Dungeon.
You were completely stuffed.

You visited 1 branch of the dungeon, and saw 2 of its levels.

You collected 9 gold pieces.

Inventory:

Hand Weapons
 a - a +0 hand axe (weapon)
Missiles
 e - 5 tomahawks of dispersal (quivered)
Armour
 b - a +0 leather armour (worn)
 j - a +0 cloak of invisibility (worn)
Jewellery
 i - an amulet of the gourmand (around neck)
Scrolls
 d - a scroll of blinking
Potions
 k - a potion of berserk rage {unknown}
 l - a potion of invisibility {unknown}
Books
 c - a book of Spatial Translocations

   Spells                             Type                      Level
   a - Blink                          Translocation                2
   b - Shroud of Golubria             Charms/Translocation         2
   c - Lesser Beckoning               Translocation                3
   d - Gell's Gravitas                Translocation                3
   e - Teleport Other                 Translocation                3
   f - Passage of Golubria            Translocation                4
Comestibles
 f - a bread ration
 g - a chunk of flesh


   Skills:
 - Level 2.4 Fighting
 * Level 3.6 Axes
 - Level 1.0 Throwing
 - Level 1.2 Armour
 - Level 2.1 Dodging
 - Level 2.1 Spellcasting
   Level 3.2 Translocations


You had 5 spell levels left.
You didn't know any spells.

Dungeon Overview and Level Annotations

Branches:
Dungeon (2/15)

Altars:


Innate Abilities, Weirdness & Mutations

Shadows flee at your approach. (+LOS)
You can swim through water.
You cover ground slowly.
You can hop short distances.


Message History

The adder is moderately wounded.
You feel sick. The adder barely misses you.
You barely miss the adder.
The adder is moderately wounded.
The adder misses you. The adder bites you.
* * * LOW HITPOINT WARNING * * *
You are more poisoned.
The adder poisons you!
You closely miss the adder.
The adder is moderately wounded.
* * * LOW HITPOINT WARNING * * *
You feel sick. The adder bites you.
* * * LOW HITPOINT WARNING * * *
You are more poisoned.
The adder poisons you!
It was a potion of agility.
You feel agile all of a sudden.
* * * LOW HITPOINT WARNING * * *
You feel sick. The adder bites you.
You die...

............###
...........#..
............
#.[.......#
#[........#
#.........#
#.........#
#..$>.....#
#....@S...#
##<......##
..............##
....###########
?


You could see an adder.

Vanquished Creatures
  4 leopard geckos (D:1)
  3 goblins (D:1)
  2 hobgoblins (D:1)
  2 bats (D:1)
  2 kobolds (D:1)
  4 rats (D:1)
17 creatures vanquished.

Notes
Turn   | Place    | Note
-------+----------+-------------------------------------------
     0 | D:1      | Blomdor the Barachi Warper began the quest for the Orb.
     0 | D:1      | Reached XP level 1. HP: 17/17 MP: 3/3
   196 | D:1      | Reached XP level 2. HP: 6/23 MP: 5/5
   934 | D:2      | Slain by an adder

Vault maps used:
D:1:      lightli_arrival_maybe_door_vault
D:2:      good_gods_temple_1, nicolae_overflow_hidden_temple,
          kiku_gazebo_garden_becter, uniq_jessica

Skill      XL: |  1  2 |
---------------+-------+-----
Axes           | 3 |  3.6
Fighting       | |  2.4
Throwing       | |  1.0
Armour         | |  1.2
Dodging        | |  2.1
Spellcasting   | |  2.1
Translocations | |  3.2

Action                   || total
-------------------------++-------
Melee: Hand axe          ||    84
  Use: Potion            ||     1
  Eat: Chunk             ||    13
Armor: Leather armour    ||    25
Dodge: Dodged            ||    59

Table legend:
 A = Spawn XP
 B = Non-spawn XP
 C = Spawn XP percentage of total XP
 D = Spawn monster count
 E = Non-spawn monster count
 F = Spawn count percentage of total count
 G = Total turns spent on level
                    A         B        C        D         E        F      G
               +---------+---------+-------+---------+---------+-------+---------
         Total |      10 |      21 |  32.3 |       5 |      12 |  29.4 |   934
               +---------+---------+-------+---------+---------+-------+---------
           D:1 |      10 |      21 |  32.3 |       5 |      12 |  29.4 |   919
               +---------+---------+-------+---------+---------+-------+---------
